 Dungeon Crawl Stone Soup version 0.25-a0-589-g1e14c54 (webtiles) character file.

Game seed: 17116913757287171681, levelgen mode: deterministic

7091 Faels the Slicer (level 10, 65/65 HPs)
             Began as a Demonspawn Assassin on Mar 11, 2020.
             Was an Elder of Okawaru.
             Quit the game on level 9 of the Dungeon.
             The game lasted 00:29:37 (10077 turns).

Faels the Slicer (Demonspawn Assassin)             Turns: 10077, Time: 00:29:37

Health: 65/65      AC: 10    Str: 13    XL:     10   Next: 84%
Magic:  15/15      EV: 12    Int: 12    God:    Okawaru [****..]
Gold:   481        SH:  0    Dex: 15    Spells: 9/9 levels left

rFire    + + .     SeeInvis .   G - +2 dagger (venom)
rCold    + . .     Gourm    .   (no shield)
rNeg     + + +     Faith    .   H - +4 ring mail of Vanity {+Fly rN+++ MR- Regen+}
rPois    .         Spirit   .   l - +0 helmet
rElec    .         Reflect  .   x - scarf {repulsion}
rCorr    .         Harm     .   (no gloves)
MR       .....                  (no boots)
Stlth    ++........             y - amulet of rage
HPRegen  0.60/turn              v - ring of protection from fire
MPRegen  0.14/turn              (no ring)

@: repel missiles
A: talons 2, clumsy 1, cold resistance 1, fire resistance 1, frail 1, rot
immunity, sanguine armour 2
a: Heroism, Renounce Religion, Evoke Berserk Rage, Evoke Flight


You were on level 9 of the Dungeon.
You worshipped Okawaru.
Okawaru was greatly pleased with you.
You were not hungry.

You visited 2 branches of the dungeon, and saw 10 of its levels.
You also visited: Sewer.

You collected 481 gold pieces.

Inventory:

Hand Weapons
 a - a +4 morningstar
 r - a +4 dagger
 G - a +2 dagger of venom (weapon)
Missiles
 d - 81 poisoned darts (quivered)
 e - 2 curare-tipped darts
 k - 6 silver boomerangs
 A - 7 boomerangs
 F - 8 javelins
Armour
 l - a +0 helmet (worn)
 x - a scarf of repulsion (worn)
 H - the +4 ring mail of Vanity (worn) {+Fly rN+++ MR- Regen+}
   (You found it on level 5 of the Dungeon)

   It renders you almost immune to negative energy.
   It affects your resistance to hostile enchantments.
   It lets you fly.
   It increases your rate of regeneration.
 O - a +0 scale mail of cold resistance
Jewellery
 v - a ring of protection from fire (left hand)
 y - an amulet of rage (around neck)
Wands
 b - a wand of enslavement (10)
 B - a wand of digging (5)
 I - a wand of random effects (34)
Scrolls
 m - 6 scrolls of teleportation
 n - a scroll of fear
 s - 3 scrolls of magic mapping
 t - 2 scrolls of enchant armour
 u - 2 scrolls of fog
 C - 5 scrolls of remove curse
 D - a scroll of enchant weapon {unknown}
 J - a scroll of immolation
 L - a scroll of holy word {unknown}
Potions
 g - 2 potions of magic
 h - 3 potions of might
 i - 3 potions of flight
 j - a potion of curing
 o - a potion of cancellation
 p - 3 potions of degeneration
 q - 4 potions of lignification
 K - a potion of haste {unknown}
Comestibles
 f - 10 rations


   Skills:
 + Level 4.6 Fighting
 - Level 10.0 Short Blades
 - Level 6.1 Throwing
 + Level 3.6 Armour
 + Level 3.8 Dodging
 + Level 5.5 Stealth
 - Level 7.1 Evocations


You had 9 spell levels left.
You didn't know any spells.
Your spell library contained the following spells:

 Spells                   Type           Power        Failure   Level  Hunger
 Freeze                   Ice            #...         56%         1    ##.....
 Magic Dart               Conj           #...         56%         1    ##.....
 Blink                    Tloc           N/A          71%         2    ###....
 Call Imp                 Summ           #.......     71%         2    ###....
 Slow                     Hex            #.......     71%         2    ###....
 Conjure Flame            Conj/Fire      #.......     90%         3    ####...
 Frozen Ramparts          Ice            #.....       90%         3    ####...
 Mephitic Cloud           Conj/Pois/Air  #.......     90%         3    ####...
 Ozocubu's Armour         Chrm/Ice       #.......     90%         3    ####...
 Hailstorm                Conj/Ice       #.......     100%        4    #####..
 Summon Ice Beast         Ice/Summ       #.......     100%        4    #####..
 Irradiate                Conj/Tmut      #.........   100%        5    ######.
 Hydra Form               Tmut           #.........   100%        6    #######
 Statue Form              Tmut/Erth      #........    100%        6    #######
 Dragon Form              Tmut           #.........   100%        7    #######


Dungeon Overview and Level Annotations

Branches:
Dungeon (9/15)             Temple (1/1) D:6           Sewer (visited)
   Lair: D:8-11         Orc: D:9-12

Altars:
Ashenzari
Cheibriados
Dithmenos
Elyvilon
Fedhas
Gozag
Hepliaklqana
Kikubaaqudgha
Makhleb
Nemelex Xobeh
Okawaru
Qazlal
Ru
Sif Muna
Trog
Uskayaw
Vehumet
Wu Jian
Xom
Yredelemnul
Zin
The Shining One

Shops:
D:6 [


Innate Abilities, Weirdness & Mutations

You have razor-sharp toenails.
Your flesh is cold resistant. (rC+)
You are immune to rotting.
When seriously injured, your bleeding wounds create thick armour. (AC +0)
You are clumsy. (Dex -2)
Your flesh is heat resistant. (rF+)
You are frail. (-10% HP)


Message History

You start waiting.
You recover from your berserk rage.
You climb downwards.
There is a stone staircase leading up, spattered with blood here.
You see here a guardian serpent corpse.
You see here a +0 whip.
Items here: ( ) †† a stone; a +0 club; a hippogriff corpse x2
Okay, then.
Okay, then.
As you read the scroll of identify, it crumbles to dust.
g - 2 potions of magic
As you read the scroll of identify, it crumbles to dust.
J - a scroll of immolation
As you read the scroll of identify, it crumbles to dust.
E - a potion of mutation Really quaff the potion of mutation?
You feel extremely strange.
You feel clumsy.
You feel frail.
You feel resistant to heat.
Are you sure you want to abandon this character and quit the game? (Confirm with "yes".)

#.#..........
#...#.#.#.#.#.
#........... .
#<.#.#.#.#.#.#
#...........
#..[#.#.#.#.#. .
#.............
...######†..)#.#.#.#.
K...........@.........
..............>.......
........(..........#..
......###...####.###
.##+#. #......>... #.
#....#####.# # #....#
.# #...... # ....##.


There were no monsters in sight!

Vanquished Creatures
  A two-headed ogre (D:8)
  The ghost of dejaentendu the Covered, a novice DsGl of Yredelemnul (D:7)
  A centaur zombie (D:8)
  A guardian serpent (D:9)
  The ghost of DiscoBob the Skirmisher, a novice DsFi of Ru (D:5)
  The ghost of lyrin the Ruffian, a novice VSTm (D:4)
  7 hippogriffs
  Sigmund (D:3)
  2 ice beasts
  2 sky beasts (D:8)
  2 orc warriors
  2 phantoms
  3 necrophages
  3 centaurs
  2 big kobolds
  5 bullfrogs
  2 scorpions
  6 killer bees (D:7)
  4 wights
  2 howler monkeys
  2 crimson imps (D:5)
  A bullfrog zombie (D:6)
  2 jellies
  9 orc wizards
  5 orc priests
  2 hounds
  An iguana (D:6)
  5 worker ants
  A hound zombie (D:8)
  A worker ant zombie (D:8)
  10 adders
  A river rat (D:4)
  2 shadow imps
  An adder zombie (D:4)
  3 oozes
  3 worms
  A dart slug (D:4)
  5 leopard geckos
  25 orcs
  9 bats
  5 giant cockroaches
  2 gnoll zombies (D:4)
  6 hobgoblins
  19 jackals
  2 quokkas
  4 ball pythons
  8 frilled lizards
  3 goblins
  A jackal skeleton (D:4)
  21 kobolds
  A leopard gecko skeleton (D:6)
  A leopard gecko zombie (D:5)
  A quokka skeleton (D:5)
  6 rats
  5 plants (Sewer)
223 creatures vanquished.

Notes
Turn   | Place    | Note
-------+----------+-------------------------------------------
     0 | D:1      | Faels the Demonspawn Assassin began the quest for the Orb.
     0 | D:1      | Reached XP level 1. HP: 16/16 MP: 1/1
   194 | D:1      | Reached skill level 2 in Short Blades
   563 | D:1      | Gained mutation: When seriously injured, your bleeding
                  | wounds create armour. (AC +0) [demonic ancestry]
   563 | D:1      | Reached XP level 2. HP: 13/22 MP: 2/2
  1229 | D:2      | Noticed a howler monkey
  1262 | D:2      | Killed a howler monkey
  1262 | D:2      | Reached skill level 3 in Short Blades
  1262 | D:2      | Gained mutation: You have sharp toenails. [demonic
                  | ancestry]
  1262 | D:2      | Reached XP level 3. HP: 7/27 MP: 3/3
  1775 | D:2      | Reached skill level 4 in Short Blades
  1775 | D:2      | Gained mutation: You have razor-sharp toenails. [demonic
                  | ancestry]
  1775 | D:2      | Reached XP level 4. HP: 33/33 MP: 4/4
  1868 | D:2      | Found a faded altar of an unknown god.
  2502 | D:3      | Noticed Sigmund
  2503 | D:3      | Killed Sigmund
  2503 | D:3      | Gained mutation: Your flesh is cold resistant. (rC+)
                  | [demonic ancestry]
  2503 | D:3      | Reached XP level 5. HP: 38/38 MP: 5/5
  2890 | D:3      | Reached skill level 5 in Short Blades
  3101 | D:3      | Reached XP level 6. HP: 44/44 MP: 6/6
  3337 | D:4      | Found a runed translucent gate.
  3337 | D:4      | Found a runed translucent gate.
  3337 | D:4      | Found a runed translucent gate.
  3338 | D:4      | Noticed lyrin's ghost (novice VSTm)
  3538 | D:4      | Found a glowing drain.
  3542 | Sewer    | Entered a sewer
  5345 | D:4      | Reached skill level 1 in Evocations
  5391 | D:4      | Reached XP level 7. HP: 50/50 MP: 6/8
  5562 | D:4      | Found a basalt altar of Yredelemnul.
  5653 | D:4      | Killed lyrin's ghost
  5653 | D:4      | Reached skill level 6 in Short Blades
  5691 | D:5      | Entered Level 5 of the Dungeon
  5826 | D:5      | Noticed a hippogriff
  5842 | D:5      | Killed a hippogriff
  5842 | D:5      | Gained mutation: When seriously injured, your bleeding
                  | wounds create thick armour. (AC +0) [demonic ancestry]
  5842 | D:5      | Reached XP level 8. HP: 46/56 MP: 9/11
  6013 | D:5      | Found a runed translucent door.
  6013 | D:5      | Noticed DiscoBob's ghost (novice DsFi)
  6059 | D:5      | Killed DiscoBob's ghost
  6059 | D:5      | Reached skill level 7 in Short Blades
  6059 | D:5      | Reached skill level 5 in Evocations
  6330 | D:5      | Got a crude ring mail
  6367 | D:5      | Identified the +4 ring mail of Vanity {+Fly rN+++ MR-
                  | Regen+} (You found it on level 5 of the Dungeon)
  6655 | D:6      | Found Fyrupt's Armour Boutique.
  6760 | D:6      | Reached skill level 8 in Short Blades
  6796 | D:6      | Found a staircase to the Ecumenical Temple.
  6801 | Temple   | Entered the Ecumenical Temple
  6931 | Temple   | Became a worshipper of Warmaster Okawaru
  7171 | D:7      | Gained mutation: You are immune to rotting. [demonic
                  | ancestry]
  7171 | D:7      | Reached XP level 9. HP: 54/61 MP: 13/13
  7460 | D:7      | Reached * piety under Okawaru
  7644 | D:7      | Reached skill level 9 in Short Blades
  7665 | D:7      | Found a glowing golden altar of the Shining One.
  7741 | D:7      | Found a runed translucent gate.
  7741 | D:7      | Found a runed translucent gate.
  7741 | D:7      | Found a runed translucent gate.
  7741 | D:7      | Noticed dejaentendu's ghost (novice DsGl)
  8079 | D:7      | Reached ** piety under Okawaru
  8337 | D:7      | Killed dejaentendu's ghost
  8337 | D:7      | Reached skill level 10 in Short Blades
  8337 | D:7      | Reached skill level 5 in Throwing
  8471 | D:8      | Reached skill level 1 in Dodging
  8511 | D:8      | Noticed a two-headed ogre
  8722 | D:8      | Reached XP level 10. HP: 65/67 MP: 15/15
  8833 | D:8      | Reached skill level 1 in Armour
  8940 | D:8      | Reached *** piety under Okawaru
  9235 | D:8      | Killed a two-headed ogre
  9370 | D:8      | Reached **** piety under Okawaru
  9451 | D:8      | Reached skill level 5 in Stealth
  9916 | D:9      | Noticed a guardian serpent
 10013 | D:9      | Killed a guardian serpent
 10076 | D:9      | Gained mutation: You are clumsy. (Dex -2) [potion of
                  | mutation]
 10076 | D:9      | Gained mutation: You are frail. (-10% HP) [potion of
                  | mutation]
 10076 | D:9      | Gained mutation: Your flesh is heat resistant. (rF+)
                  | [potion of mutation]
 10077 | D:9      | Quit the game

Levels and vault maps discovered:
D:1:      eino_arrival_druids_welcome, layout_basic
D:2:      layout_loops_cross, chequers_ecumenical_altar_simple
D:3:      layout_loops_ring, uniq_sigmund
D:4:      layout_cave_pools, lemuel_zombie_altar_yredelemnul,
          ebering_ghost_rock_garden, gup_sewer_entry_spiral
D:5:      layout_rooms, gammafunk_ghost_grave, first_ration
D:6:      layout_rooms, temple_doors_e, serial_shops, shop
D:7:      layout_loops_corners, ebering_ghost_rock_garden, basic_altar
D:8:      layout_cave_pools, minmay_checkerbox
D:9:      layout_loops_cross, hangedman_little_slice_of_home, hex_large,
          nrook_guardian_serpent_ordinary, uniq_erica
Temple:   kilobyte_greek_temple

Skill      XL: |  1  2  3  4  5  6  7  8  9 10 |
---------------+-------------------------------+-----
Short Blades   | 2 3 4 5 6 8 10 | 10.0
Throwing       | 3 4 5 6 |  6.1
Evocations     | 1 4 6 7 |  7.1
Dodging        | 1 3 |  3.8
Armour         | 3 |  3.6
Stealth        | 5 |  5.5
Fighting       | 4 |  4.6

Action                   |  1- 3 |  4- 6 |  7- 9 | 10-12 || total
-------------------------+-------+-------+-------+-------++-------
Melee: Dagger            |    72 |   535 |   433 |   314 ||  1354
       Kick              |     3 |   201 |   136 |   112 ||   452
Throw: Dart              |       |     6 |    10 |    10 ||    26
 Abil: Evoke Berserk Rag |       |     1 |     4 |     4 ||     9
  Use: Scroll            |       |    10 |     5 |     5 ||    20
       Potion            |       |       |     2 |     4 ||     6
 Stab: Sleeping          |     4 |     9 |     4 |     1 ||    18
       Distracted        |       |       |     1 |       ||     1
  Eat: Chunk             |     2 |    10 |     9 |     4 ||    25
       Ration            |       |     1 |     2 |     1 ||     4
Armor: Robe              |    19 |     6 |       |       ||    25
       Ring mail         |       |    78 |   130 |   110 ||   318
Dodge: Dodged            |    38 |   108 |   145 |   146 ||   437
       Deflected         |       |       |     4 |     6 ||    10

Table legend:
 A = Non-vault XP
 B = Vault XP
 C = Vault XP percentage of total XP
 D = Non-vault monster count
 E = Vault monster count
 F = Vault count percentage of total count
                 A         B        C        D         E       F
            +---------+---------+-------+---------+---------+-------
      Total |    7483 |    2648 |  26.1 |     182 |      36 |  16.5
            +---------+---------+-------+---------+---------+-------
        D:1 |      18 |       0 |   0.0 |      11 |       0 |   0.0
        D:2 |      91 |       0 |   0.0 |      16 |       0 |   0.0
        D:3 |      64 |     208 |  76.5 |      24 |       1 |   4.0
        D:4 |     359 |     334 |  48.2 |      18 |       8 |  30.8
        D:5 |     605 |     421 |  41.0 |      17 |       1 |   5.6
        D:6 |     562 |       0 |   0.0 |      14 |       0 |   0.0
        D:7 |    1948 |     890 |  31.4 |      41 |       3 |   6.8
        D:8 |    3205 |     268 |   7.7 |      34 |       2 |   5.6
        D:9 |     631 |     463 |  42.3 |       7 |       1 |  12.5
      Sewer |       0 |      64 | 100.0 |       0 |      20 | 100.0
            +---------+---------+-------+---------+---------+-------
